 Dungeon Crawl Stone Soup version 0.24.0-2-g5b39cebb1c (webtiles) character file.

Game seed: 12231129107193271771, levelgen mode: deterministic

14116 xccam the Fighter (level 12, -11/102 HPs)
             Began as a Gnoll Wanderer on Oct 30, 2019.
             Was a High Priest of Cheibriados.
             Mangled by an orc warrior
             ... wielding a +0 long sword
              (17 damage)
             ... on level 1 of the Orcish Mines.
             The game lasted 00:25:40 (10070 turns).

xccam the Fighter (Gnoll Wanderer)                 Turns: 10070, Time: 00:25:41

Health: -11/102    AC: 10    Str: 33    XL:     12   Next: 13%
Magic:  22/22      EV: 16    Int: 27    God:    Cheibriados [*****.]
Gold:   586        SH: 13    Dex: 28    Spells: 23/24 levels left

rFire    + . .     SeeInvis .   s - +1 war axe (chop)
rCold    . . .     Gourm    .   m - +0 shield
rNeg     + + .     Faith    .   w - +1 scale mail of Cyjilo {rF+ rN+ Regen+ Stlth+}
rPois    .         Spirit   .   e - +0 helmet
rElec    .         Reflect  .   M - scarf {cloud immunity}
rCorr    .         Harm     .   (no gloves)
MR       .....                  (no boots)
Stlth    ++++......             J - amulet of regeneration
HPRegen  1.07/turn              N - ring of wizardry
MPRegen  0.18/turn              q - ring of positive energy

@: very slow
A: distributed training, fangs 1, strong nose
a: Bend Time, Temporal Distortion, Slouch, Step From Time, Renounce Religion


You were on level 1 of the Orcish Mines.
You worshipped Cheibriados.
Cheibriados was extremely pleased with you.
You were hungry.

You visited 3 branches of the dungeon, and saw 15 of its levels.

You collected 684 gold pieces.
You spent 98 gold pieces at shops.

Inventory:

Hand Weapons
 a - a +2 shortbow
 b - a +2 short sword of venom
 s - a +1 war axe of chopping (weapon)
 D - the +2 war axe of Wounding {chop, MR- Str+5}
   (You found it on level 6 of the Dungeon)

   It inflicts extra damage upon your enemies.
   It affects your strength (+5).
   It affects your resistance to hostile enchantments.
 H - a +0 triple sword
 K - a +3 battleaxe
Missiles
 f - 161 arrows
Armour
 e - a +0 helmet (worn)
 m - a +0 shield (worn)
 w - the +1 scale mail of Cyjilo (worn) {rF+ rN+ Regen+ Stlth+}
   (You found it on level 11 of the Dungeon)

   It protects you from fire.
   It protects you from negative energy.
   It increases your rate of regeneration.
   It makes you more stealthy.
 B - a +0 cloak
 F - a +0 plate armour
 M - a scarf of cloud immunity (worn)
Jewellery
 p - an uncursed ring of flight
 q - a ring of positive energy (right hand)
 t - a +4 amulet of reflection
 C - a +3 ring of intelligence
 J - an amulet of regeneration (around neck)
 N - a ring of wizardry (left hand)
Wands
 c - a wand of flame (4)
 i - a wand of paralysis (17)
 E - a wand of disintegration (15)
 G - a wand of enslavement (13)
 L - a wand of scattershot (3)
Scrolls
 d - 11 scrolls of teleportation
 h - 4 scrolls of remove curse
 j - a scroll of summoning {unknown}
 k - 4 scrolls of identify
 l - 3 scrolls of magic mapping
 n - 2 scrolls of fear
 r - a scroll of blinking
 y - 4 scrolls of enchant armour
 z - 2 scrolls of fog
 Q - 3 scrolls of enchant weapon {unknown}
Potions
 o - a potion of mutation
 u - 4 potions of lignification
 v - 2 potions of curing
 x - a potion of brilliance
 A - 5 potions of flight
 I - a potion of might
 O - a potion of heal wounds {unknown}
 P - a potion of agility
Comestibles
 g - 28 rations


   Skills:
 + Level 12.1 Fighting
 + Level 6.8 Short Blades
 + Level 6.8 Long Blades
 + Level 6.8 Axes
 + Level 6.8 Maces & Flails
 + Level 6.8 Polearms
 + Level 6.8 Staves
 + Level 6.8 Slings
 + Level 7.4 Bows
 + Level 6.8 Crossbows
 + Level 6.8 Throwing
 + Level 8.3 Armour
 + Level 6.8 Dodging
 + Level 8.1 Stealth
 + Level 6.8 Shields
 + Level 6.8 Unarmed Combat
 + Level 6.8 Spellcasting
 + Level 5.7 Conjurations
 + Level 5.7 Hexes
 + Level 5.7 Charms
 + Level 5.7 Summonings
 + Level 5.7 Necromancy
 + Level 5.7 Translocations
 + Level 5.7 Transmutations
 + Level 5.7 Fire Magic
 + Level 5.7 Ice Magic
 + Level 5.7 Air Magic
 + Level 5.7 Earth Magic
 + Level 5.7 Poison Magic
 + Level 7.5 Invocations
 + Level 6.8 Evocations


You had 23 spell levels left.
You knew the following spells:

 Your Spells              Type           Power        Failure   Level  Hunger
a - Apportation           Tloc           #####.       1%          1    None

Your spell library contained the following spells:

 Spells                   Type           Power        Failure   Level  Hunger
 Animate Skeleton         Necr           N/A          1%          1    None
 Confusing Touch          Hex            #####.       1%          1    None
 Corona                   Hex            #####..      1%          1    None
 Summon Small Mammal      Summ           ####         1%          1    None
 Slow                     Hex            #####...     1%          2    None
 Inner Flame              Hex/Fire       #####...     3%          3    None
 Portal Projectile        Hex/Tloc       #####.       3%          3    None
 Cause Fear               Hex            #####.....   12%         4    ###....
 Leda's Liquefaction      Hex/Erth       #####.....   12%         4    ###....
 Bolt of Magma            Conj/Fire/Erth #####.....   32%         5    #####..
 Iron Shot                Conj/Erth      #####.....   85%         6    ######.
 Statue Form              Tmut/Erth      #####....    85%         6    ######.
 Shatter                  Erth           #####.....   100%        9    #######


Dungeon Overview and Level Annotations

Branches:
Dungeon (13/15)            Temple (1/1) D:5            Lair (0/6) D:9
    Orc (1/2) D:12
 Vaults: D:13-14

Altars:
Ashenzari
Cheibriados
Dithmenos
Elyvilon
Fedhas
Gozag
Hepliaklqana
Kikubaaqudgha
Makhleb
Nemelex Xobeh
Okawaru
Qazlal
Ru
Sif Muna
Trog
Uskayaw
Vehumet
Wu Jian
Xom
Yredelemnul
Zin
The Shining One

Shops:
D:11 *

Portals:
Trove: D:12 (give +7 demon trident)

Annotations:
D:10 2 transporters, Urext's ghost, novice MiBe


Innate Abilities, Weirdness & Mutations

Your experience applies equally to all skills.
You have very sharp teeth.
Your uncanny sense of smell can sniff out nearby items.


Message History

You kill the orc priest!
Cheibriados appreciates the change of pace.
You hit the orc warrior but do no damage.
You hit the orc warrior. You closely miss the orc warrior.
You block the orc warrior's attack.
The orc warrior hits you with a +0 scimitar.
The orc warrior hits you with a +0 scimitar!!
The orc priest closely misses you. You block the orc warrior's attack.
You hit the orc priest. You bite the orc priest.
The orc priest is severely wounded.
You closely miss the orc warrior.
You hit the orc warrior but do no damage. x2
You block the orc warrior's attack.
The orc warrior hits you with a +0 scimitar!
* * * LOW HITPOINT WARNING * * *
The orc priest invokes the aid of Beogh against you.
Beogh smites you!
* * * LOW HITPOINT WARNING * * *
The orc warrior hits you with a +0 long sword!
You die...

.. ... .....
...##.......##
.............##
....#.........#
.............##.
.......#........
......)oo.......
#.....o@[.......
.#....)o<.......
.......oo.......
.......o........
................
...........##...
#.#.#...#..# ..
............ .
....... ....


You could see 3 orc warriors, an orc priest and 3 orcs.

Vanquished Creatures
  A two-headed ogre (D:9)
  An ugly thing (D:12)
  A manticore (D:11)
  A centaur skeleton (D:11)
  A gargoyle (D:11)
  2 orange demons (D:13)
  A komodo dragon (D:9)
  4 trolls
  3 slime creatures (D:12)
  7 hippogriffs
  A vampire (D:11)
  5 yaks (D:11)
  2 wyverns (D:8)
  A hungry ghost (D:9)
  A steam dragon (D:12)
  2 vampire mosquitoes (D:13)
  A warg (D:12)
  An acid dragon (D:12)
  2 water moccasins
  An eye of draining (D:11)
  3 sky beasts
  A hornet zombie (D:10)
  4 orc warriors
  2 black bears
  5 ice beasts
  3 phantoms
  A centaur (D:6)
  6 killer bees
  4 ogres
  The ghost of Nivan the Conjurer, an amateur DrCj of Vehumet (D:4)
  4 big kobolds
  9 bullfrogs
  4 scorpions
  10 wights
  2 bullfrog zombies (D:5)
  4 crimson imps
  3 centaur zombies
  3 quasits
  6 hounds
  7 orc priests
  3 jellies (D:8)
  3 bullfrog skeletons
  A gnoll shaman (D:5)
  9 iguanas
  Ijyb (D:3)
  10 orc wizards
  3 worker ants
  2 hound zombies
  4 hound skeletons
  A worker ant zombie (D:11)
  7 gnolls
  2 howler monkey skeletons
  18 adders
  4 shadow imps
  An ooze (D:4)
  3 adder skeletons
  2 adder zombies
  A worm (D:3)
  3 dart slugs
  4 leopard geckos
  36 orcs
  A ball python (D:4)
  2 bats (D:1)
  4 giant cockroaches
  8 goblins
  A hobgoblin (D:1)
  16 jackals
  26 kobolds
  7 quokkas
  4 frilled lizards
  3 rats
  A plant (D:9)
312 creatures vanquished.

Vanquished Creatures (collateral kills)
  A killer bee (D:8)
  An adder skeleton (D:8)
2 creatures vanquished.

Vanquished Creatures (others)
  A centaur (D:7)
  A killer bee (D:8)
  2 goblins (D:3)
4 creatures vanquished.

Grand Total: 318 creatures vanquished

Notes
Turn   | Place    | Note
-------+----------+-------------------------------------------
     0 | D:1      | Reached skill level 10 in Fighting
     0 | D:1      | xccam the Gnoll Wanderer began the quest for the Orb.
     0 | D:1      | xccam set off with the following items: a +2 shortbow, 28
                  | arrows, a +0 mace, a scroll of teleportation, a +0 robe, a
                  | +0 dagger, a ration
     0 | D:1      | Reached XP level 1. HP: 28/28 MP: 1/1
   137 | D:1      | Reached XP level 2. HP: 36/36 MP: 2/2
   627 | D:2      | Reached XP level 3. HP: 28/42 MP: 3/3
   880 | D:2      | Reached skill level 1 in Invocations
  1138 | D:2      | Reached skill level 1 in Short Blades
  1138 | D:2      | Reached skill level 1 in Long Blades
  1138 | D:2      | Reached skill level 1 in Axes
  1138 | D:2      | Reached skill level 1 in Maces & Flails
  1138 | D:2      | Reached skill level 1 in Polearms
  1138 | D:2      | Reached skill level 1 in Staves
  1138 | D:2      | Reached skill level 1 in Slings
  1138 | D:2      | Reached skill level 1 in Crossbows
  1138 | D:2      | Reached skill level 1 in Throwing
  1138 | D:2      | Reached skill level 1 in Dodging
  1138 | D:2      | Reached skill level 1 in Shields
  1138 | D:2      | Reached skill level 1 in Unarmed Combat
  1138 | D:2      | Reached skill level 1 in Spellcasting
  1138 | D:2      | Reached skill level 1 in Evocations
  1307 | D:3      | Noticed an ice beast
  1331 | D:3      | Killed an ice beast
  1331 | D:3      | Reached skill level 1 in Conjurations
  1331 | D:3      | Reached skill level 1 in Hexes
  1331 | D:3      | Reached skill level 1 in Charms
  1331 | D:3      | Reached skill level 1 in Summonings
  1331 | D:3      | Reached skill level 1 in Necromancy
  1331 | D:3      | Reached skill level 1 in Translocations
  1331 | D:3      | Reached skill level 1 in Transmutations
  1331 | D:3      | Reached skill level 1 in Fire Magic
  1331 | D:3      | Reached skill level 1 in Ice Magic
  1331 | D:3      | Reached skill level 1 in Air Magic
  1331 | D:3      | Reached skill level 1 in Earth Magic
  1331 | D:3      | Reached skill level 1 in Poison Magic
  1331 | D:3      | Reached XP level 4. HP: 41/48 MP: 4/6
  1331 | D:3      | Reached XP level 5. HP: 46/54 MP: 4/7
  1515 | D:3      | Found a shattered altar of Ashenzari.
  1962 | D:3      | Noticed Ijyb
  1970 | D:3      | Killed Ijyb
  2162 | D:4      | Noticed an ogre
  2166 | D:4      | Killed an ogre
  2166 | D:4      | Reached XP level 6. HP: 61/61 MP: 8/8
  2227 | D:4      | Reached skill level 5 in Armour
  2243 | D:4      | Found a basalt altar of Yredelemnul.
  2386 | D:4      | Found a blossoming altar of Fedhas.
  2391 | D:4      | Found an ancient bone altar of Kikubaaqudgha.
  2618 | D:4      | Found a runed translucent gate.
  2618 | D:4      | Found a runed translucent gate.
  2618 | D:4      | Found a runed translucent gate.
  2620 | D:4      | Noticed Nivan's ghost (amateur DrCj)
  2641 | D:4      | Killed Nivan's ghost
  2729 | D:5      | Entered Level 5 of the Dungeon
  2774 | D:5      | Reached XP level 7. HP: 65/67 MP: 10/10
  3014 | D:5      | Found a staircase to the Ecumenical Temple.
  3080 | Temple   | Entered the Ecumenical Temple
  3301 | D:5      | Reached skill level 5 in Stealth
  3555 | D:5      | Reached XP level 8. HP: 55/74 MP: 12/12
  3967 | D:6      | Found a sacrificial altar of Ru.
  4484 | D:6      | Got a jewelled war axe
  4485 | D:6      | Identified the +2 war axe of Wounding {chop, MR- Str+5}
                  | (You found it on level 6 of the Dungeon)
  4604 | D:6      | Found a shadowy altar of Dithmenos.
  4685 | D:6      | Reached skill level 11 in Fighting
  4685 | D:6      | Reached XP level 9. HP: 67/81 MP: 14/14
  4840 | D:7      | Found a stormy altar of Qazlal.
  4993 | D:7      | Reached skill level 5 in Bows
  5008 | D:7      | Found a glowing silver altar of Zin.
  5550 | D:7      | Found a shimmering altar of Xom.
  5551 | D:7      | Found a snail-covered altar of Cheibriados.
  5552 | D:7      | Found a glowing golden altar of the Shining One.
  5558 | D:7      | Became a worshipper of Cheibriados the Contemplative
  5907 | D:8      | Reached skill level 5 in Invocations
  6023 | D:8      | Reached * piety under Cheibriados
  6023 | D:8      | Reached XP level 10. HP: 44/88 MP: 15/17
  6675 | D:9      | Reached skill level 5 in Short Blades
  6675 | D:9      | Reached skill level 5 in Long Blades
  6675 | D:9      | Reached skill level 5 in Axes
  6675 | D:9      | Reached skill level 5 in Maces & Flails
  6675 | D:9      | Reached skill level 5 in Polearms
  6675 | D:9      | Reached skill level 5 in Staves
  6675 | D:9      | Reached skill level 5 in Slings
  6675 | D:9      | Reached skill level 5 in Crossbows
  6675 | D:9      | Reached skill level 5 in Throwing
  6675 | D:9      | Reached skill level 5 in Dodging
  6675 | D:9      | Reached skill level 5 in Shields
  6675 | D:9      | Reached skill level 5 in Unarmed Combat
  6675 | D:9      | Reached skill level 5 in Spellcasting
  6675 | D:9      | Reached skill level 5 in Evocations
  6676 | D:9      | Reached ** piety under Cheibriados
  6841 | D:9      | Found a hide-covered altar of Uskayaw.
  6872 | D:9      | Noticed a two-headed ogre
  6886 | D:9      | Killed a two-headed ogre
  6982 | D:9      | Found a burning altar of Makhleb.
  7226 | D:9      | Found a staircase to the Lair.
  7245 | D:9      | Reached *** piety under Cheibriados
  7399 | D:10     | Entered Level 10 of the Dungeon
  7697 | D:10     | Reached XP level 11. HP: 90/95 MP: 19/19
  7733 | D:10     | Found a transporter.
  7747 | D:10     | Identified the +6 dire flail "Egoqafuh" {flame, +Rage}
  7747 | D:10     | Noticed a two-headed ogre
  7748 | D:10     | Noticed Urext's ghost (novice MiBe)
  7750 | D:10     | Found a transporter.
  7750 | D:10     | Noticed a two-headed ogre
  8374 | D:11     | Learned a level 1 spell: Apportation
  8412 | D:11     | Reached **** piety under Cheibriados
  8490 | D:11     | Noticed a manticore
  8511 | D:11     | Killed a manticore
  8511 | D:11     | Reached skill level 5 in Conjurations
  8511 | D:11     | Reached skill level 5 in Hexes
  8511 | D:11     | Reached skill level 5 in Charms
  8511 | D:11     | Reached skill level 5 in Summonings
  8511 | D:11     | Reached skill level 5 in Necromancy
  8511 | D:11     | Reached skill level 5 in Translocations
  8511 | D:11     | Reached skill level 5 in Transmutations
  8511 | D:11     | Reached skill level 5 in Fire Magic
  8511 | D:11     | Reached skill level 5 in Ice Magic
  8511 | D:11     | Reached skill level 5 in Air Magic
  8511 | D:11     | Reached skill level 5 in Earth Magic
  8511 | D:11     | Reached skill level 5 in Poison Magic
  8822 | D:11     | Got a slimy scale mail
  8833 | D:11     | Identified the +1 scale mail of Cyjilo {rF+ rN+ Regen+
                  | Stlth+} (You found it on level 11 of the Dungeon)
  9080 | D:11     | Found Xistruogg's General Store.
  9085 | D:11     | Bought a potion of might for 56 gold pieces
  9085 | D:11     | Bought a potion of curing for 42 gold pieces
  9182 | D:12     | Reached ***** piety under Cheibriados
  9238 | D:12     | Reached skill level 12 in Fighting
  9325 | D:12     | Found a staircase to the Orcish Mines.
  9341 | D:12     | Noticed a purple ugly thing
  9352 | D:12     | Killed a purple ugly thing
  9446 | D:12     | Found a portal to a secret trove of treasure.
  9507 | D:12     | Found an opulent altar of Gozag.
  9893 | D:12     | Reached XP level 12. HP: 101/102 MP: 22/22
 10058 | Orc:1    | Entered Level 1 of the Orcish Mines
 10070 | Orc:1    | Mangled by an orc warrior

Levels and vault maps discovered:
D:1:      dpeg_arrival_pond, layout_loops_ring, serial_bayou_crossing
D:2:      layout_basic, first_ration, serial_curves, eino_curves_01,
          eino_curves_03
D:3:      kennysheep_goblin_castle, layout_loops_ring, lemuel_round_altar
D:4:      layout_basic, old_standard_altar,
          grunt_temple_overflow_growth_and_decay, ebering_ghost_rock_garden
D:5:      layout_loops_corners, minmay_temple_entry_metal_lava
D:6:      layout_basic, nicolae_overflow_crystal_walls,
          lemuel_coloured_pillars_altar
D:7:      layout_cave_pools, nicolae_qazlal_general_emergency,
          kennysheep_mini_moat, gammafunk_temple_overflow_claw, grunt_ogre_cave
D:8:      layout_gridville, nicolae_underground_beach
D:9:      layout_cave_pools, makhleb_grotto_becter,
          eat_drink_and_be_merry_uskayaw, david_lair_shrubbed
D:10:     layout_roguey, gammafunk_ghost_smash
D:11:     layout_loops_ring, serial_shops, shop_fountains
D:12:     layout_irregular_city, erik_orc_4, enter_trove_1, basic_altar
D:13:     layout_roguey, lightli_vaults_fourway_checkpoint, minivault_25,
          chequers_serial_rivers_room_a, einodemon_barbed_minivault
Temple:   compressed_dpeg_triangle_lava_temple
Orc:1:    layout_caves, serial_shops, nicolae_shop_trees

Skill      XL: |  1  2  3  4  5  6  7  8  9 10 11 |
---------------+----------------------------------+-----
Fighting       | 11 12 | 12.1
Invocations    | 1 2 3 4 5 6 7 |  7.5
Short Blades   | 1 2 3 4 5 6 |  6.8
Long Blades    | 1 2 3 4 5 6 |  6.8
Axes           | 1 2 3 4 5 6 |  6.8
Maces & Flails | 1 2 3 4 5 6 |  6.8
Polearms       | 1 2 3 4 5 6 |  6.8
Staves         | 1 2 3 4 5 6 |  6.8
Slings         | 1 2 3 4 5 6 |  6.8
Crossbows      | 1 2 3 4 5 6 |  6.8
Throwing       | 1 2 3 4 5 6 |  6.8
Dodging        | 1 2 3 4 5 6 |  6.8
Shields        | 1 2 3 4 5 6 |  6.8
Unarmed Combat | 1 2 3 4 5 6 |  6.8
Spellcasting   | 1 2 3 4 5 6 |  6.8
Evocations     | 1 2 3 4 5 6 |  6.8
Conjurations   | 1 2 3 4 5 |  5.7
Hexes          | 1 2 3 4 5 |  5.7
Charms         | 1 2 3 4 5 |  5.7
Summonings     | 1 2 3 4 5 |  5.7
Necromancy     | 1 2 3 4 5 |  5.7
Translocations | 1 2 3 4 5 |  5.7
Transmutations | 1 2 3 4 5 |  5.7
Fire Magic     | 1 2 3 4 5 |  5.7
Ice Magic      | 1 2 3 4 5 |  5.7
Air Magic      | 1 2 3 4 5 |  5.7
Earth Magic    | 1 2 3 4 5 |  5.7
Poison Magic   | 1 2 3 4 5 |  5.7
Bows           | 3 4 5 6 7 |  7.4
Armour         | 5 6 7 8 |  8.3
Stealth        | 5 6 7 8 |  8.1

Action                   |  1- 3 |  4- 6 |  7- 9 | 10-12 || total
-------------------------+-------+-------+-------+-------++-------
Melee: Short sword       |    44 |    96 |   426 |   645 ||  1211
       Bite              |     1 |    15 |    66 |   202 ||   284
       War axe           |       |       |       |   172 ||   172
 Fire: Shortbow          |    23 |     1 |       |       ||    24
Evoke: Wand              |       |     3 |     6 |     6 ||    15
  Use: Scroll            |     3 |       |     4 |     6 ||    13
       Potion            |     1 |       |     3 |     3 ||     7
 Stab: Sleeping          |     3 |     2 |     2 |     5 ||    12
       Paralysed         |       |     5 |       |     1 ||     6
       Distracted        |       |       |       |     1 ||     1
  Eat: Chunk             |     1 |     4 |    12 |    13 ||    30
Armor: Ring mail         |    14 |    24 |    28 |       ||    66
       Chain mail        |       |       |   137 |   163 ||   300
       Plate armour      |       |       |       |    68 ||    68
       Scale mail        |       |       |       |    72 ||    72
Dodge: Dodged            |    20 |    28 |    74 |   388 ||   510
Block: Shield            |       |    35 |   278 |   564 ||   877
       Reflection        |       |     5 |     4 |       ||     9
